 Dungeon Crawl Stone Soup version 0.31-a0-981-geadf994542 (webtiles) character file.

Game seed: 5847083212550047716

28 mattiecakes the Ruffian (level 3, -1/27 HPs)
             Began as a Djinni Shapeshifter on Nov 2, 2023.
             Killed by nerve-wracking pain
             ... invoked by Jessica
              (11 damage)
             ... on level 2 of the Dungeon.
             The game lasted 00:01:58 (1055 turns).

mattiecakes the Ruffian (Djinni Shapeshifter)       Turns: 1055, Time: 00:01:58

Health: -1/27      AC:  2    Str: 15    XL:     3   Next: 30%
Gold:   111        EV: 12    Int: 11    God:
                   SH:  0    Dex: 12

rFire   + +          .
                       - Unarmed
rCold   x . .        (no shield)
rNeg    . . .        a - +0 animal skin
rPois   ∞            (helmet currently unavailable)
rElec   .            (cloak currently unavailable)
rCorr   .            (gloves currently unavailable)
SInv    .            (boots unavailable)
Will    .....        (no amulet)
Stlth   +            (no ring)
HPRegen 0.24/turn    (no ring)
MPRegen 0.00/turn

%: infuse magic (-2 HP)
@: beast-form, flying
A: beast (slay +1), flying, sickness immunity, fire resistance 2, cold
vulnerability 1, float, innate caster, HP casting, extra vitality 1
a: Begin Untransformation


You were on level 2 of the Dungeon.
You were a hulking beast.
You visited 1 branch of the dungeon, and saw 2 of its levels.

You collected 111 gold pieces.

Inventory:

Armour
 a - a +0 animal skin (worn)
Jewellery
 n - a ring of resist corrosion
Talismans
 c - a beast talisman
 d - a flux talisman
Scrolls
 f - a scroll of fear {unknown}
 g - 3 scrolls of blinking {unknown}
 h - a scroll of fog {unknown}
 j - 2 scrolls of torment {unknown}
 k - a scroll of summoning {unknown}
Potions
 b - a potion of lignification
 e - a potion of enlightenment {unknown}
 i - 2 potions of heal wounds {unknown}
 l - a potion of brilliance {unknown}
 m - a potion of haste {unknown}
 o - a potion of curing {unknown}


   Skills:
 - Level 1.4 Fighting
 - Level 2.5 Dodging
 + Level 3.4 Unarmed Combat
 + Level 3.0 Shapeshifting


You knew the following spells:

 Your Spells              Type           Power      Damage    Failure   Level
a - Shock                 Conj/Air       0%         1d3       34%         1
Your spell library was empty.

Dungeon Overview and Level Annotations

Branches:
Dungeon (2/15)

Altars:

Shops:
D:2 (

Annotations:
D:2 Jessica


Innate Abilities, Weirdness & Mutations

You are a hulking beast.
Your limbs bulge with bestial killing power. (Slay +1)
You are flying.
You are immune to sickness and miasma.
You are immune to poison.
Your flesh is very heat resistant. (rF++)
You are vulnerable to cold. (rC-)
You float through the air rather than walking.
You learn spells naturally, not from books.
Your magical power is your life essence.
You have superior vitality. (+4 MHP)


Message History

Jessica grins evilly.
There is an open door here.
Jessica casts a spell at you. Pain shoots through your body!
Ouch! That really hurt!
You are too injured to fight recklessly!
You are too injured to fight recklessly!
You are too injured to fight recklessly!
You are too injured to fight recklessly!
You are too injured to fight recklessly!
You are too injured to fight recklessly!
You are too injured to fight recklessly!
You are too injured to fight recklessly!
You are too injured to fight recklessly!
You are too injured to fight recklessly!
You are too injured to fight recklessly!
You are too injured to fight recklessly!
You are too injured to fight recklessly!
You are too injured to fight recklessly!
You are too injured to fight recklessly!
You are too injured to fight recklessly!
There are monsters nearby!
Unknown command.
You are too injured to fight recklessly!
Unknown command.
You miss the quokka. The quokka barely misses you.
You closely miss the quokka. The quokka bites you.
Jessica hits you with a +0 dagger.
You hit the quokka.
The quokka is heavily wounded.
The quokka closely misses you.
Unknown command.
Unknown command.
You closely miss Jessica. Jessica hits you with a +0 dagger.
The quokka barely misses you.
Unknown command.
You closely miss Jessica. The quokka barely misses you.
Jessica points at you and mumbles some strange words.
Pain shoots through your body!
You die...

##)################ #.##
#####..# ##......###
##.........#
##..#####...####
#..##...##.....##########
#..#...@.#..#...........#
#..#...rh'.....########.#
#..#.....#..##.# #.#
#.)##:..##..##.# #.#
##..#####..###.# #..
##.......## #.# ###
##.....#.....#
#.......##### #########


You could see Jessica and a quokka.

Vanquished Creatures
  A dart slug (D:1)
  6 endoplasms
  3 hobgoblins
  A quokka (D:1)
  A ball python (D:1)
  4 bats (D:1)
  3 frilled lizards (D:1)
  A goblin (D:1)
  2 kobolds
  5 rats
27 creatures vanquished.

Notes
Turn   | Place    | Note
-------+----------+-------------------------------------------
     0 | D:1      | mattiecakes the Djinni Shapeshifter began the quest for the
                  | Orb.
     0 | D:1      | Reached XP level 1. HP: 17/17 MP: 0/0
   115 | D:1      | Reached XP level 2. HP: 20/22 MP: 0/0
   432 | D:1      | Reached XP level 3. HP: 19/27 MP: 0/0
   432 | D:1      | Learned a level 1 spell: Shock
   614 | D:2      | Identified the of Kiunt
   763 | D:2      | Found Saosh's Antique Weapon Boutique.
  1048 | D:2      | Noticed Jessica
  1055 | D:2      | Killed from afar by Jessica

Illustrated notes

Levels and vault maps discovered:
D:1:      mrwooster_arrival_statue_2, layout_loops_ring, serial_glass,
          glass_columns_a, glass_columns_a, st_stairs_10, dk_noncrumbling_3
D:2:      layout_basic, serial_shops, nicolae_shop_pleasant_corner_grove,
          kennysheep_jessica_study

Skill      XL: |  1  2  3 |
---------------+----------+-----
Shapeshifting  | 3 |  3.0
Fighting       | |  1.4
Dodging        | |  2.5
Unarmed Combat | |  3.4

Action                     || total
---------------------------++-------
  Melee: Unarmed           ||    72
         Punch             ||     1
   Stab: Sleeping          ||     1
 Armour: Animal skin       ||    37
  Dodge: Dodged            ||    35

Table legend: (Time is in decaauts)
 A = Elapsed time spent in this place.
 B = Non-inter-level travel time spent in this place.
 C = Inter-level travel time spent in this place.
 D = Time resting spent in this place.
 E = Time spent auto-exploring this place.
 F = Levels seen in this place.
 G = Mean time per level.
                   A        B        C        D        E       F      G
               +--------+--------+--------+--------+--------+-----+--------+
         Total |   1050 |   1023 |     27 |     46 |    802 |   2 |  525.0 |
       Dungeon |   1050 |   1023 |     27 |     46 |    802 |   2 |  525.0 |
               +--------+--------+--------+--------+--------+-----+--------+

Top non-repeatable levels by time:
     D:1: 610 daAuts
     D:2: 439 daAuts
